Match 41058182
Unlisted
Match 41058182
End
Panzerpioneer Squad
Selects Armored Support Battlegroup
Selects Armored Support Battlegroup
Panzergrenadier Squad
Panzergrenadier Squad
Construct Light Support Kompanie
Panzerjäger Squad
Panzerjäger Squad
Fire Support Elements
Flakvierling Half-track
Flakvierling Half-track
Selects Superior Fire Drills
Selects Flammpanzer III Medium Tank
Flammpanzer III Medium Tank
Flammpanzer III Medium Tank
le.IG 18 Support Gun Team
Construct Mechanized Kompanie
Captain Winters
日落的人海
Pablo12GR
yapster
HIMYNAMEISHO
waynoss88
0
0
Comments sign in to comment!
No comments posted yet!